 Dungeon Crawl Stone Soup version 0.31-a0-1589-g8f5e8aebd6 (webtiles) character file.

Game seed: 4313550021202326157

647 Ofeo the Sneak (level 7, 58/58 (59) HPs)
             Began as a Red Draconian Brigand on Jan 6, 2024.
             Was a Follower of Uskayaw.
             Quit the game on level 4 of the Dungeon.
             The game lasted 00:05:19 (4098 turns).

Ofeo the Sneak (Red Draconian Brigand)              Turns: 4098, Time: 00:05:20

HP:   58/58 (59)    AC:  7    Str: 13    XL:     7   Next: 27%
MP:   7/7           EV: 13    Int: 12    God:    Uskayaw [*.....]
Gold: 498           SH:  0    Dex: 14    Spells: 6/6 levels left

rFire   + . .        m - +2 dagger (elec)
rCold   . . .        (no shield)
rNeg    . . .        (body armour unavailable)
rPois   .            (helmet restricted)
rElec   .            h - scarf {+Inv}
rCorr   .            p - +0 pair of gloves
SInv    .            (no boots)
Will    .....        (no amulet)
Stlth   +++          (no ring)
HPRegen 0.29/turn    (no ring)
MPRegen 0.10/turn

%: no passive effects
@: lightly drained
A: breathe fire, AC +6, unfitting armour, fire resistance 1, cold-blooded
a: Breathe Fire, Renounce Religion, Evoke Invisibility, Stomp


You were on level 4 of the Dungeon.
You worshipped Uskayaw.
Uskayaw was noncommittal.
You visited 2 branches of the dungeon, and saw 5 of its levels.
You also visited: Ossuary.

You collected 498 gold pieces.

Inventory:

Hand Weapons
 a - a +2 dagger
 m - a +2 dagger of electrocution (weapon)
Missiles
 c - 9 poisoned darts (quivered)
 d - 3 curare-tipped darts
 t - 6 atropa-tipped darts
Armour
 e - a +1 cloak
 h - a scarf of invisibility (worn)
 p - a +0 pair of gloves (worn)
Jewellery
 n - a ring of protection from fire
 s - a +4 ring of protection
 u - a ring of resist corrosion
Wands
 k - a wand of iceblast (4) {@v4}
Scrolls
 f - a scroll of blinking {unknown}
 i - 4 scrolls of identify {@r1}
 j - 2 scrolls of immolation
 q - 3 scrolls of torment
 r - a scroll of poison
Potions
 b - 2 potions of haste {unknown}
 g - 2 potions of lignification {unknown}
 l - a potion of mutation
 o - a potion of attraction {unknown}


   Skills:
 + Level 4.0 Fighting
 + Level 3.4(3.5) Short Blades
 - Level 0.1(2.1) Long Blades
 + Level 3.2 Throwing
 + Level 2.9 Dodging
 + Level 4.8 Stealth
 * Level 3.4 Evocations


You had 6 spell levels left.
You didn't know any spells.
Your spell library contained the following spells:

 Spells                   Type           Power      Damage    Failure   Level
 Static Discharge         Conj/Air       0%         3-3/arc   45%         2
 Stone Arrow              Conj/Erth      0%         3d7       69%         3
 Airstrike                Air            0%         2d(0-16)  97%         4
 Fulminant Prism          Conj/Alch      0%         3d5       97%         4
 Summon Lightning Spire   Summ/Air       0%         N/A       97%         4
 Fireball                 Conj/Fire      0%         3d3       100%        5


Dungeon Overview and Level Annotations

Branches:
Dungeon (4/15)             Temple (1/1) D:4         Ossuary (visited)

Altars:
Ashenzari
Cheibriados
Dithmenos
Fedhas
Gozag
Kikubaaqudgha
Makhleb
Nemelex Xobeh
Okawaru
Qazlal
Sif Muna
Trog
Uskayaw
Wu Jian


Innate Abilities, Weirdness & Mutations

You can breathe blasts of fire.
Your fiery red scales are hard. (AC +6)
You cannot fit into any form of body armour.
Your flesh is heat resistant. (rF+)
You are cold-blooded and may be slowed by cold attacks.


Message History

You see here a +0 dagger.
You see here a +0 battleaxe.
A goblin comes into view. It is wielding a +0 club.
A goblin is nearby!
A goblin is nearby!
A goblin is nearby!
The goblin shouts!
Okay, then.
You hit the goblin.
Your tail-slap misses the goblin.
The goblin is heavily wounded.
The goblin closely misses you.
You closely miss the goblin.
The goblin is heavily wounded.
You closely miss the goblin.
The goblin is heavily wounded.
The goblin misses you.
You hit the goblin.
You kill the goblin!
No target in view!
No target in view!
No target in view!
No target in view!
No target in view!
No target in view!
No target in view!
No target in view!
Found three altars.
You see here a +0 club.
Found a bloodstained altar of Trog.
Found a sparkling altar of Nemelex Xobeh.
You see here a +0 club.
You see here a +0 pair of boots.
Found a stone staircase leading down.
A quokka comes into view.
You see here a ring of resist corrosion.
A quokka is nearby!
A quokka is nearby!
A quokka is nearby!
u - a ring of resist corrosion Are you sure you want to abandon this character and quit the game? (Confirm with "yes".)

#...######## .r. #.
#..# ##. .. #.#
#..######.. #.. ..
##...##...# #.. #.
#..#..>.### ...
#.###.####.....
#>####..##[##....##.
#...###.....#.#####.
#@.....#....####..
#..#####.#.#........
##. ........####..
#. ##......)##8.. ..
#...###.#.... #.
#..#.# #####.. ..
#.##.# #.). #. #.
#.# ##.. #...


You could see a quokka (asleep).

Vanquished Creatures
  An ogre (D:4)
  An elf zombie (Ossuary)
  A weeping skull (Ossuary)
  A burial acolyte (Ossuary)
  A bombardier beetle (D:3)
  2 human zombies (Ossuary)
  An iguana (D:4)
  2 mummies (Ossuary)
  4 gnolls (D:3)
  2 howler monkey zombies (Ossuary)
  5 adders
  2 dart slugs
  4 ribbon worms
  4 orcs
  5 endoplasms
  6 giant cockroaches
  6 goblins
  11 hobgoblins
  4 jackals (D:1)
  7 kobolds
  8 quokkas
  8 ball pythons
  11 bats
  3 frilled lizards
  9 rats
109 creatures vanquished.

Vanquished Creatures (others)
  A human (D:3)
1 creature vanquished.

Grand Total: 110 creatures vanquished

Notes
Turn   | Place    | Note
-------+----------+-------------------------------------------
     0 | D:1      | Ofeo the Draconian Brigand began the quest for the Orb.
     0 | D:1      | Reached XP level 1. HP: 17/17 MP: 1/1
    22 | D:1      | Reached skill level 1 in Dodging
   315 | D:1      | Reached XP level 2. HP: 25/25 MP: 2/2
   616 | D:1      | Reached XP level 3. HP: 30/30 MP: 3/3
   859 | D:1      | Found a faded altar of an unknown god.
  1225 | D:2      | Found an opulent altar of Gozag.
  1353 | D:2      | Reached XP level 4. HP: 30/37 MP: 4/4
  1998 | D:3      | Got the Parchment of the Gargoyle and Blows
  2058 | D:3      | Found an ancient bone altar of Kikubaaqudgha.
  2059 | D:3      | Noticed a human
  2062 | D:3      | Killed a human
  2138 | D:3      | Reached skill level 1 in Evocations
  2181 | D:3      | Reached XP level 5. HP: 16/45 MP: 5/5
  3402 | D:4      | Found a stormy altar of Qazlal.
  3469 | D:4      | Found a staircase to the Ecumenical Temple.
  3480 | Temple   | Entered the Ecumenical Temple
  3489 | Temple   | Became a worshipper of Uskayaw the Reveller
  3516 | D:4      | Reached * piety under Uskayaw
  3524 | D:4      | Found a sand-covered staircase.
  3538 | Ossuary  | Entered an ossuary
  3538 | Ossuary  | Found a huge runed translucent gate.
  3538 | Ossuary  | Found a huge runed translucent gate.
  3538 | Ossuary  | Found a huge runed translucent gate.
  3538 | Ossuary  | Found a huge runed translucent gate.
  3538 | Ossuary  | Found a huge runed translucent gate.
  3538 | Ossuary  | Found a huge runed translucent gate.
  3538 | Ossuary  | Found a huge runed translucent gate.
  3538 | Ossuary  | Found a huge runed translucent gate.
  3539 | Ossuary  | Found a huge runed translucent gate.
  3539 | Ossuary  | Found a huge runed translucent gate.
  3539 | Ossuary  | Found a huge runed translucent gate.
  3540 | Ossuary  | Found a huge runed translucent gate.
  3540 | Ossuary  | Found a huge runed translucent gate.
  3542 | Ossuary  | Found a huge runed translucent gate.
  3542 | Ossuary  | Found a huge runed translucent gate.
  3545 | Ossuary  | Found a huge runed translucent gate.
  3545 | Ossuary  | Found a huge runed translucent gate.
  3545 | Ossuary  | Found a huge runed translucent gate.
  3545 | Ossuary  | Found a huge runed translucent gate.
  3545 | Ossuary  | Found a huge runed translucent gate.
  3550 | Ossuary  | Reached XP level 6. HP: 51/51 MP: 6/6
  3550 | Ossuary  | Reached ** piety under Uskayaw
  3559 | Ossuary  | Reached *** piety under Uskayaw
  3565 | Ossuary  | Reached **** piety under Uskayaw
  3568 | Ossuary  | Found a huge runed translucent gate.
  3568 | Ossuary  | Found a huge runed translucent gate.
  3676 | Ossuary  | Found a huge runed translucent gate.
  3676 | Ossuary  | Found a huge runed translucent gate.
  3677 | Ossuary  | Found a huge runed translucent gate.
  3677 | Ossuary  | Found a huge runed translucent gate.
  3678 | Ossuary  | Found a huge runed translucent gate.
  3678 | Ossuary  | Found a huge runed translucent gate.
  3680 | Ossuary  | Found a huge runed translucent gate.
  3680 | Ossuary  | Found a huge runed translucent gate.
  3730 | Ossuary  | Found a huge runed translucent gate.
  3730 | Ossuary  | Found a huge runed translucent gate.
  3730 | Ossuary  | Found a huge runed translucent gate.
  3730 | Ossuary  | Found a huge runed translucent gate.
  3732 | Ossuary  | Found a huge runed translucent gate.
  3794 | Ossuary  | Your scales start taking on a fiery red colour.
  3794 | Ossuary  | Reached XP level 7. HP: 52/58 MP: 7/7
  3794 | Ossuary  | Gained mutation: Your flesh is heat resistant. (rF+) [Red
                  | Draconian growth]
  4066 | D:4      | Found a shadowy altar of Dithmenos.
  4066 | D:4      | Found a broken altar of Ashenzari.
  4066 | D:4      | Found an iron altar of Okawaru.
  4068 | D:4      | Found a bloodstained altar of Trog.
  4070 | D:4      | Found a sparkling altar of Nemelex Xobeh.
  4098 | D:4      | Quit the game

Illustrated notes

Levels and vault maps discovered:
D:1:      psy_arrival_terrarium, layout_loops_ring,
          shapermc_ecumenical_altar_hornbeckon, minmay_tromino_v4_c
D:2:      layout_rooms, basic_altar, kennysheep_generic_room_9
D:3:      minmay_chambers_of_twos, layout_basic, tgw_kikubaaqudgha,
          minmay_gold_behind_fungi, moated_statue, minmay_misc_feat_hallway
D:4:      layout_rooms, good_gods_temple_1, nicolae_overflow_hidden_temple,
          minitemple, minmay_temple_entry_arrows, nicolae_ossuary_entry_ruins,
          gammafunk_ghost_gnarly_gnolls, uniq_menkaure
Temple:   nicolae_temple_ecumenical_triangle

Skill      XL: |  1  2  3  4  5  6  7 |
---------------+----------------------+-----
Dodging        | 1 2 |  2.9
Throwing       | 2 3 |  3.2
Stealth        | 4 |  4.8
Fighting       | 3 4 |  4.0
Evocations     | 1 2 3 |  3.4
Short Blades   | 3 |  3.4
Long Blades    | |  0.1

Action                     |  1- 3 |  4- 6 |  7- 9 || total
---------------------------+-------+-------+-------++-------
  Melee: Long sword        |   125 |    17 |       ||   142
         Dagger            |     5 |   171 |    14 ||   190
         Tailslap          |    13 |    23 |     3 ||    39
         Punch             |       |     2 |       ||     2
  Throw: Dart              |       |     1 |       ||     1
 Invoke: Stomp             |       |     1 |       ||     1
Ability: Evoke Invisibilit |       |     1 |       ||     1
    Use: Scroll            |       |     7 |       ||     7
   Stab: Sleeping          |     9 |     7 |       ||    16
         Invisible         |       |     4 |       ||     4
         Paralysed         |       |     1 |     1 ||     2
 Armour: Skin              |   115 |    98 |     1 ||   214
  Dodge: Dodged            |   115 |   120 |     6 ||   241

Table legend: (Time is in decaauts)
 A = Elapsed time spent in this place.
 B = Non-inter-level travel time spent in this place.
 C = Inter-level travel time spent in this place.
 D = Time resting spent in this place.
 E = Time spent auto-exploring this place.
 F = Levels seen in this place.
 G = Mean time per level.
                   A        B        C        D        E       F      G
               +--------+--------+--------+--------+--------+-----+--------+
         Total |   4128 |   3964 |    164 |    262 |   2712 |   6 |  688.0 |
       Dungeon |   3800 |   3644 |    156 |    103 |   2684 |   4 |  950.0 |
        Temple |     18 |     10 |      8 |      0 |      0 |   1 |   18.0 |
       Ossuary |    309 |    309 |      0 |    159 |     28 |   1 |  309.0 |
               +--------+--------+--------+--------+--------+-----+--------+

Top non-repeatable levels by time:
     D:3: 1514 daAuts
     D:1: 1095 daAuts
     D:2: 821 daAuts
     D:4: 368 daAuts
 Ossuary: 309 daAuts
  Temple: 18 daAuts
